 Dungeon Crawl Stone Soup version 0.30-a0-52-g86a8295270 (webtiles) character file.

Game seed: 5260630386894813050

217 ytrimaz the Trooper (level 5, -2/43 HPs)
             Began as a Demonspawn Berserker on Sept 6, 2022.
             Was a Priest of Trog.
             Slain by a scorpion (5 damage)
             ... on level 4 of the Dungeon.
             The game lasted 00:03:40 (3750 turns).

ytrimaz the Trooper (Demonspawn Berserker)          Turns: 3750, Time: 00:03:41

Health: -2/43      AC:  3    Str: 18 (19) XL:     5   Next: 61%
Magic:  5/5        EV: 12    Int:  5 (8)  God:    Trog [***...]
Gold:   78         SH:  0    Dex: 12 (13) Spells: 4/4 levels left

rFire   . . .      SeeInvis +    a - +1 hand axe
rCold   . . .      Faith    .    (no shield)
rNeg    . . .      Spirit   .    b - +1 animal skin
rPois   .          Reflect  .    (no helmet)
rElec   .          Harm     .    (no cloak)
rCorr   .          Rampage  .    (no gloves)
Will    .....                    (no boots)
Stlth   +.........               (no amulet)
HPRegen 0.14/turn                e - ring of see invisible
MPRegen 0.09/turn                (no ring)

@: on berserk cooldown, slowed, very slow
A: claws 2, foul stench 1
a: Renounce Religion, Berserk, Trog's Hand


You were on level 4 of the Dungeon.
You worshipped Trog.
Trog was most pleased with you.
You visited 1 branch of the dungeon, and saw 4 of its levels.

You collected 78 gold pieces.


Innate Abilities, Weirdness & Mutations

You have very sharp fingernails.
You may rarely emit foul miasma when damaged in melee.


   Skills:
 + Level 4.9 Fighting
 - Level 3.5 Axes
 - Level 2.1 Armour
 - Level 1.7 Dodging
 + Level 2.3 Unarmed Combat


You had 4 spell levels left.
You didn't know any spells.
Your spell library was empty.

Inventory:

Hand Weapons
 a - a +1 hand axe (weapon)
Armour
 b - a +1 animal skin (worn)
Jewellery
 e - a ring of see invisible (left claw)
   (You found it on level 2 of the Dungeon)
Wands
 j - a wand of roots (7)
   (You took it off Ijyb on level 3 of the Dungeon)
Scrolls
 f - a scroll of fog
 h - 2 scrolls of teleportation
Potions
 c - a potion of magic
 d - a potion of curing
 g - a potion of degeneration
 i - a potion of attraction {unknown}

Dungeon Overview and Level Annotations

Branches:
Dungeon (4/15) Zot: 20172
 Temple: D:4-7

Altars:

Shops:
D:1 * D:2

= ###........#
.........†.#
...#.......########
##.............)..#
########..........#
# .....##.... #
......##...## 8#
......#8..s8# ##
.......##..@# #
#...# # ##...## 8
#8...8# ## ##...##
#.†.#
.................
........⌠........
.............^...


You could see a scorpion.


Message History

Your Unarmed Combat skill increases to level 2!
Unknown command.
You are too injured to fight recklessly!
A sourceless malevolence fills the Dungeon... and a teleportation trap spontaneously manifests!
You are yanked towards a nearby monster!
Your surroundings suddenly seem different.
A ball python comes into view.
A ball python is nearby!
A ball python is nearby!
Unknown command.
A ball python is nearby!
A ball python is nearby!
You are too injured to fight recklessly!
You are too injured to fight recklessly!
You are too injured to fight recklessly!
Unknown command.
A hound comes into view.
The ball python hisses angrily.
The ball python bites you. The ball python grabs you.
The ball python constricts you.
The ball python bites you but does no damage.
The ball python constricts you.
* * * LOW HITPOINT WARNING * * *
😨 HP[-3]
You take 3 damage, and now have 21/43 hp.
You barely miss the ball python.
The hound barks!
The ball python closely misses you. The ball python constricts you.
* * * LOW HITPOINT WARNING * * *
You hit the ball python.
You kill the ball python!
Trog accepts your kill.
Unknown command.
A red film seems to cover your vision as you go berserk!
You feel yourself moving faster!
You feel mighty! 😨 HP[+10]
You now have 64 max hp (+21).
You regained 10 hp, and now have 31/64 hp.
You hit the hound but do no damage.
The hound closely misses you. 😨 HP[+1] Unknown command.
You hit the hound. The hound bites you.
* * * LOW HITPOINT WARNING * * *
The hound bites you.
* * * LOW HITPOINT WARNING * * *
😨 HP[-7]
You take 7 damage, and now have 25/64 hp.
You slash the hound!
You kill the hound!
Trog accepts your kill.
Unknown command.
You see here a hound corpse.
Unknown command.
Unknown command.
You feel a strong urge to attack something.
You start resting.
You feel your anger nearly subside.
You are no longer berserk.
You are exhausted.
You feel yourself slow down. 😨 HP[-8]
You now have 43 max hp (-21).
A scorpion comes into view.
A scorpion is nearby!
A scorpion is nearby!
Unknown command. 😨 HP[+1]
The scorpion stings you.
* * * LOW HITPOINT WARNING * * *
😨 HP[-1]
You take 1 damage, and now have 17/43 hp.
You hit the scorpion. The scorpion closely misses you.
The scorpion barely misses you.
Unknown command.
You closely miss the scorpion. The scorpion barely misses you.
The scorpion stings you.
* * * LOW HITPOINT WARNING * * *
You are poisoned.
The scorpion poisons you! 😨 HP[-4]
You take 4 damage, and now have 13/43 hp.
You hit the scorpion.
You feel very sick. The scorpion stings you.
* * * LOW HITPOINT WARNING * * *
The scorpion stings you.
* * * LOW HITPOINT WARNING * * *
😱 HP[-11]
You take 11 damage, and now have 2/43 hp.
MASSIVE DAMAGE!! (PAUSE)
You feel better. The scorpion stings you.
* * * LOW HITPOINT WARNING * * *
The scorpion barely misses you. 😱 HP[+1] Unknown command.
It was a potion of degeneration.
There was something very wrong with that liquid.
You feel weakened.
You feel dopey.
You feel clumsy. The scorpion stings you.
You die...

Skill      XL: |  1  2  3  4  5 |
---------------+----------------+-----
Armour         | 2 |  2.1
Axes           | 3 |  3.5
Fighting       | 4 |  4.9
Unarmed Combat | 1 2 |  2.3
Dodging        | |  1.7

Action                   |  1- 3 |  4- 6 || total
-------------------------+-------+-------++-------
Melee: Hand axe          |   109 |   132 ||   241
       Punch             |     2 |     1 ||     3
Invok: Berserk           |     2 |     3 ||     5
  Use: Scroll            |       |     7 ||     7
       Potion            |       |     2 ||     2
 Stab: Sleeping          |       |     1 ||     1
Armor: Animal skin       |    29 |    40 ||    69
Dodge: Dodged            |    95 |   107 ||   202

Levels and vault maps discovered:
D:1:      lightli_arrival_statue_moat, layout_rooms, serial_shops,
          shop_fountains, hellmonk_ecumenical_altar_inner_sanctum
D:2:      layout_rooms, serial_shops, shop_statue, minmay_fractal_squares_5,
          uniq_crazy_yiuf_cottage, uniq_robin
D:3:      layout_basic, uniq_ijyb
D:4:      layout_rooms, serial_corexii_hall, chequers_hall_statues_corner_a,
          corexii_hall_statues_x, corexii_hall_statues_x, corexii_hall_statues_l

Notes
Turn   | Place    | Note
-------+----------+-------------------------------------------
     0 | D:1      | ytrimaz the Demonspawn Berserker began the quest for the
                  | Orb.
     0 | D:1      | Reached XP level 1. HP: 18/18 MP: 1/1
     0 | D:1      | magus.rc [v1.9.6]
   119 | D:1      | magus.rc [v1.9.6]
   287 | D:1      | Reached skill level 2 in Armour
   291 | D:1      | Gained mutation: You have sharp fingernails. [demonic
                  | ancestry]
   291 | D:1      | Reached XP level 2. HP: 18/24 MP: 2/2
   526 | D:1      | Reached skill level 3 in Axes
   776 | D:1      | Found Vysass's Assorted Antiques.
   802 | D:1      | Reached ** piety under Trog
  1122 | D:1      | Found a faded altar of an unknown god.
  1178 | D:2      | Gained mutation: You may rarely emit foul miasma when
                  | damaged in melee. [demonic ancestry]
  1178 | D:2      | Reached XP level 3. HP: 28/28 MP: 3/3
  1181 | D:2      | Noticed Robin
  1426 | D:2      | HP: 10/45 [Robin/+0 spear (3)]
  1427 | D:2      | Killed Robin
  1433 | D:2      | HP: 5/30 [goblin/+0 dagger[Robin] (1)]
  1514 | D:2      | HP: 5/30 [goblin/+0 club[Robin] (4)]
  1517 | D:2      | Found Giqoalaca's Jewellery Shop.
  1665 | D:2      | Reached XP level 4. HP: 17/37 MP: 4/4
  1851 | D:2      | Reached skill level 4 in Fighting
  2210 | D:2      | Reached skill level 1 in Unarmed Combat
  2223 | D:2      | HP: 9/37 [poisoned by a goblin]
  3219 | D:3      | Reached *** piety under Trog
  3352 | D:3      | Noticed Ijyb
  3361 | D:3      | Killed Ijyb
  3362 | D:3      | Gained mutation: You have very sharp fingernails. [demonic
                  | ancestry]
  3362 | D:3      | Reached XP level 5. HP: 43/43 MP: 5/5
  3729 | D:4      | Reached skill level 2 in Unarmed Combat
  3748 | D:4      | HP: 10/43 [poisoned by a scorpion]
  3748 | D:4      | HP: 2/43 [scorpion (4)]
  3750 | D:4      | Slain by a scorpion

Vanquished Creatures
  2 hounds (D:4)
  Ijyb (D:3)
  Robin (D:2)
  3 adders (D:2)
  A worm (D:2)
  2 dart slugs
  5 orcs
  7 ball pythons
  8 bats
  An endoplasm (D:3)
  3 giant cockroaches
  17 goblins
  7 hobgoblins
  3 jackals (D:2)
  5 quokkas
  2 frilled lizards (D:2)
  7 kobolds
  3 rats
78 creatures vanquished.

Table legend:
 A = Non-vault XP
 B = Vault XP
 C = Vault XP percentage of total XP
 D = Non-vault monster count
 E = Vault monster count
 F = Vault count percentage of total count
                 A         B        C        D         E       F
            +---------+---------+-------+---------+---------+-------
      Total |     217 |      93 |  30.0 |      59 |      19 |  24.4
            +---------+---------+-------+---------+---------+-------
        D:1 |      37 |       0 |   0.0 |      20 |       0 |   0.0
        D:2 |      61 |      57 |  48.3 |      20 |      18 |  47.4
        D:3 |      33 |      36 |  52.2 |      15 |       1 |   6.2
        D:4 |      86 |       0 |   0.0 |       4 |       0 |   0.0
            +---------+---------+-------+---------+---------+-------

Illustrated notes

Table legend:
 A = Kills in this place as a percentage of kills in entire the game.
 B = Kills by you in this place as a percentage of kills by you in the entire game.
 C = Kills by friends in this place as a percentage of kills by friends in the entire game.
 D = Other kills in this place as a percentage of other kills in the entire game.
 E = Experience gained in this place as a percentage of experience gained in the entire game.
 F = Experience gained in this place divided by the number of levels of this place that you have seen.
                   A       B       C       D       E      F
               +-------+-------+-------+-------+-------+----------------------
         Total | 100.0 | 100.0 |   N/A |   N/A | 100.0 |  77.5
       Dungeon | 100.0 | 100.0 |   N/A |   N/A | 100.0 |  77.5
               +-------+-------+-------+-------+-------+----------------------

Table legend: (Time is in decaauts)
 A = Elapsed time spent in this place.
 B = Non-inter-level travel time spent in this place.
 C = Inter-level travel time spent in this place.
 D = Time resting spent in this place.
 E = Time spent auto-exploring this place.
 F = Levels seen in this place.
 G = Mean time per level.
                   A        B        C        D        E       F      G
               +--------+--------+--------+--------+--------+-----+--------+
         Total |   3826 |   3746 |     80 |    426 |   2704 |   4 |  956.5 |
       Dungeon |   3826 |   3746 |     80 |    426 |   2704 |   4 |  956.5 |
               +--------+--------+--------+--------+--------+-----+--------+

Top non-repeatable levels by time:
     D:2: 1457 daAuts
     D:1: 1445 daAuts
     D:3: 866 daAuts
     D:4: 56 daAuts
